 Seeded DCSS version 0.30-a0-381-g6ea064c7b4 (webtiles) character file.

Game seed: 20221201 (custom seed)

7884 McGhostyFace the Nimble (level 11, -14/87 HPs)
             Began as a Gnoll Wanderer on Dec 1, 2022.
             Was an Initiate of Ashenzari.
             Killed by an exploding themself (24 damage)
             ... ignited by their inner flame
             ... on level 10 of the Dungeon on Dec 2, 2022.
             The game lasted 00:34:36 (11342 turns).

McGhostyFace the Nimble (Gnoll Wanderer)           Turns: 11342, Time: 00:34:36

Health: -14/87     AC: 13    Str:  8    XL:     11   Next: 22%
Magic:  16/22      EV: 17    Int: 15    God:    Ashenzari [......]
Gold:   596        SH:  0    Dex: 16    Spells: 15/24 levels left

rFire   . . .      SeeInvis .    a - +0 quarterstaff (vorpal)
rCold   . . .      Faith    .    (shield currently unavailable)
rNeg    . . .      Spirit   .    N - +0 steam dragon scales
rPois   .          Reflect  .    (no helmet)
rElec   .          Harm     .    (no cloak)
rCorr   .          Rampage  .    b - +0 pair of gloves
Will    +....                    r - +1 pair of boots of Ashenzari's Pragmatism {Cun, Self} (curse)
Stlth   +++.......               v - amulet of the acrobat
HPRegen 0.34/turn                i - +4 ring of protection
MPRegen 0.18/turn                x - ring of willpower

@: no status effects
A: fangs 1, strong nose, distributed training
a: Renounce Religion, Curse Item, Shatter the Chains


You were on level 10 of the Dungeon.
You worshipped Ashenzari.
Ashenzari was noncommittal.
You visited 2 branches of the dungeon, and saw 11 of its levels.
You also visited: Sewer.

You collected 596 gold pieces.

Inventory:

Hand Weapons
 a - a +0 vorpal quarterstaff (weapon)
 H - a +3 whip
 O - a +5 short sword
 S - a +2 vorpal falchion
Missiles
 B - 43 poisoned darts
 I - 2 curare-tipped darts (quivered)
Armour
 b - a +0 pair of gloves (worn)
 r - the cursed +1 pair of boots of Ashenzari's Pragmatism (worn) {Cun, Self}
   (You found it on level 2 of the Dungeon)

   It has a curse which improves the following skills: Cunning: Dodging and
   Stealth.
   Introspection: Fighting and Spellcasting.
 N - +0 steam dragon scales (worn)
Jewellery
 e - an amulet of faith
 i - a +4 ring of protection (left hand)
 v - an amulet of the acrobat (around neck)
 x - a ring of willpower (right hand)
 E - an amulet of magic regeneration
 L - a ring of protection from cold
 M - a ring of resist corrosion
 Q - a ring of protection from fire
 T - an amulet of regeneration
Wands
 n - a wand of charming (14)
 u - a wand of roots (4)
 A - a wand of flame (15)
 G - a wand of polymorph (11)
 R - a wand of quicksilver (12)
Scrolls
 c - 6 scrolls of teleportation
 d - 2 scrolls of summoning {unknown}
 h - 4 scrolls of poison {unknown}
 k - 10 scrolls of identify {unknown}
 m - 2 scrolls of magic mapping {unknown}
 o - 2 scrolls of blinking {unknown}
 p - 3 scrolls of enchant weapon {unknown}
 w - a scroll of immolation {unknown}
 y - 3 scrolls of fear {unknown}
 D - a scroll of silence {unknown}
 F - a scroll of enchant armour {unknown}
 P - a scroll of brand weapon {unknown}
 V - 2 scrolls of butterflies {unknown}
Potions
 f - 5 potions of heal wounds
 g - 4 potions of curing
 j - a potion of flight {unknown}
 l - 4 potions of brilliance {unknown}
 q - 2 potions of attraction {unknown}
 s - 2 potions of haste {unknown}
 t - a potion of resistance {unknown}
 z - 2 potions of might {unknown}
 C - 3 potions of degeneration {unknown}
 J - 3 potions of cancellation {unknown}
 K - 2 potions of magic {unknown}
 U - a potion of lignification {unknown}
 W - a potion of mutation {unknown}


   Skills:
 + Level 7.9(8.3) Fighting
 + Level 6.3 Short Blades
 + Level 6.3 Long Blades
 + Level 6.3 Axes
 + Level 6.3 Maces & Flails
 + Level 6.3 Polearms
 + Level 9.2 Staves
 + Level 6.3 Ranged Weapons
 + Level 6.3 Throwing
 + Level 6.3 Armour
 + Level 9.2(9.6) Dodging
 + Level 6.3(6.7) Stealth
 + Level 6.3 Shields
 + Level 6.3 Unarmed Combat
 + Level 7.0(7.4) Spellcasting
 + Level 5.7 Conjurations
 + Level 5.2 Hexes
 + Level 5.2 Summonings
 + Level 5.2 Necromancy
 + Level 5.2 Translocations
 + Level 5.2 Transmutations
 + Level 5.2 Fire Magic
 + Level 5.2 Ice Magic
 + Level 5.2 Air Magic
 + Level 5.2 Earth Magic
 + Level 5.2 Poison Magic
 + Level 6.9 Invocations
 + Level 6.3 Evocations


You had 15 spell levels left.
You knew the following spells:

 Your Spells              Type           Power      Damage    Failure   Level
a - Shock                 Conj/Air       88%        1d8       1%          1
b - Call Imp              Summ           21%        N/A       2%          2
c - Mephitic Cloud        Conj/Pois/Air  21%        N/A       4%          3
d - Summon Guardian Gole  Hex/Summ       21%        N/A       4%          3

Your spell library contained the following spells:

 Spells                   Type           Power      Damage    Failure   Level
 Magic Dart               Conj           88%        1d7       1%          1
 Orb of Destruction       Conj           11%        9d6       100%        7
 Spellforged Servitor     Conj/Summ      11%        N/A       100%        7


Dungeon Overview and Level Annotations

Branches:
Dungeon (10/15)            Temple (1/1) D:7            Lair (0/5) D:10
    Orc (0/2) D:9           Sewer (visited)

Altars:
Ashenzari
Dithmenos
Elyvilon
Fedhas
Gozag
Hepliaklqana
Kikubaaqudgha
Makhleb
Nemelex Xobeh
Qazlal
Ru
Sif Muna
Trog
Uskayaw
Vehumet
Xom
Yredelemnul
Zin
The Shining One

Shops:
D:1 *   D:2 (

Annotations:
D:6 2 transporters, tangygnat's ghost, novice TrFi
D:10 2 transporters, exclusion: oklob plant, zishaf's ghost, journeyman VSBr


Innate Abilities, Weirdness & Mutations

You have very sharp teeth.
Your uncanny sense of smell can sniff out nearby items.
Your experience applies equally to all skills.


Message History

You are poisoned.
You feel yourself slow down. The troll completely misses you.
The troll claws you.
* * * LOW HITPOINT WARNING * * *
The troll claws you but does no damage.
Unknown command.
The hornet attacks as you move away!
The hornet stings you but does no damage.
The troll attacks as you move away! The troll bites you.
* * * LOW HITPOINT WARNING * * *
The troll claws you.
* * * LOW HITPOINT WARNING * * *
The troll claws you.
* * * LOW HITPOINT WARNING * * *
x2 You feel very sick.
The hornet stings your guardian golem but does no damage.
The troll bites your guardian golem. The troll claws your guardian golem.
The troll claws your guardian golem! The troll bites your crimson imp!
The troll claws your crimson imp!
Your crimson imp dies!
Your crimson imp disappears in a puff of smoke!
Your guardian golem overheats!
The hornet stings your guardian golem. Flame seeps out of your guardian golem.
You see here 7 stones.
You feel better.
You feel yourself speed up. The hornet stings your guardian golem.
Flame seeps out of your guardian golem. The troll bites your guardian golem.
Flame seeps out of your guardian golem.
The troll claws your guardian golem but does no damage.
The troll barely misses your guardian golem.
The hornet stings your guardian golem! Flame seeps out of your guardian golem.
Your guardian golem is engulfed in blazing flames.
Your guardian golem disappears in a puff of smoke!
Your guardian golem explodes!
The fiery explosion engulfs the troll!!
The troll dies!
The fiery explosion engulfs the hornet!!!
The hornet dies!
The fiery explosion engulfs you!!
You die...

...#
+...........+
...#
#.###..####.#
...# ∆
#..#........#
...#
#...##....##
..##∆ ∆
##..##...##
.##∆
##.....## ##
###+### #∆
∆##§§§## #
#(#####.§°@.#
+
#....'(§§T.+
∆ #
#.#####(..([#
#∆ ∆##(..##
## ##+## .##
..##∆ ∆ ∆
...# ...#


You could see a troll.

Vanquished Creatures
  2 kobold demonologists
  A hornet (D:10)
  4 yaks
  3 black bears
  An orc warrior (D:10)
  A sky beast (D:8)
  A centaur (D:8)
  A phantom (D:6)
  6 kobold brigands
  4 bullfrogs
  3 scorpions
  3 killer bees
  2 howler monkeys (D:7)
  An electric eel (D:10)
  2 hounds
  10 orc priests
  A jelly (D:6)
  Jessica (D:2)
  7 orc wizards
  2 iguanas
  7 gnolls
  4 adders
  4 river rats (Sewer)
  A shadow imp (D:6)
  2 white imps
  An ufetubus (D:5)
  3 worms
  3 dart slugs
  25 orcs
  4 endoplasms
  13 giant cockroaches
  10 goblins
  11 hobgoblins
  A jackal (Sewer)
  11 ball pythons
  4 bats
  9 frilled lizards
  37 kobolds
  3 rats
209 creatures vanquished.

Vanquished Creatures (collateral kills)
  A yak (D:10)
  A steam dragon (D:6)
  A kobold brigand (D:6)
  2 bullfrogs (D:9)
  2 killer bees (D:9)
  A jelly (D:6)
  4 orcs
  A kobold (D:6)
13 creatures vanquished.

Vanquished Creatures (others)
  Maggie (D:6)
  3 trolls (D:10)
  2 hornets
  A shadow (D:10)
  7 yaks
  A wraith (D:10)
  A wyvern (D:10)
  A vampire mosquito (D:10)
  2 orc warriors
  A black bear (D:6)
  A centaur (D:9)
  A kobold brigand (D:9)
  A necrophage (D:6)
  5 killer bees (D:9)
  An orc priest (D:8)
  A gnoll bouda (D:7)
  2 orc wizards
  5 orcs
  18 plants
  A withered plant (D:5)
56 creatures vanquished.

Grand Total: 278 creatures vanquished

Notes
Turn   | Place    | Note
-------+----------+-------------------------------------------
     0 | D:1      | McGhostyFace the Gnoll Wanderer began the quest for the
                  | Orb.
     0 | D:1      | McGhostyFace set off with the following items: a +0 vorpal
                  | quarterstaff, a +0 pair of gloves, a scroll of
                  | teleportation, a +0 robe; and the following spell
                  | memorised: Shock; and the following spells available to
                  | memorise: Mephitic Cloud.
     0 | D:1      | Reached XP level 1. HP: 20/20 MP: 4/4
    85 | D:1      | Found Viczosh's Assorted Antiques.
   190 | D:1      | Reached XP level 2. HP: 26/26 MP: 5/5
  1066 | D:2      | Found a faded altar of an unknown god.
  1083 | D:2      | Reached XP level 3. HP: 31/31 MP: 7/7
  1262 | D:2      | Found Zeuroe Edwi's Weapon Boutique.
  1273 | D:2      | Noticed Jessica
  1281 | D:2      | Reached skill level 1 in Invocations
  1289 | D:2      | Killed Jessica
  1290 | D:2      | Reached skill level 1 in Short Blades
  1290 | D:2      | Reached skill level 1 in Long Blades
  1290 | D:2      | Reached skill level 1 in Axes
  1290 | D:2      | Reached skill level 1 in Maces & Flails
  1290 | D:2      | Reached skill level 1 in Polearms
  1290 | D:2      | Reached skill level 1 in Ranged Weapons
  1290 | D:2      | Reached skill level 1 in Throwing
  1290 | D:2      | Reached skill level 1 in Armour
  1290 | D:2      | Reached skill level 1 in Stealth
  1290 | D:2      | Reached skill level 1 in Shields
  1290 | D:2      | Reached skill level 1 in Unarmed Combat
  1290 | D:2      | Reached skill level 1 in Evocations
  1290 | D:2      | Reached XP level 4. HP: 33/38 MP: 8/8
  1511 | D:2      | Reached skill level 1 in Hexes
  1511 | D:2      | Reached skill level 1 in Summonings
  1511 | D:2      | Reached skill level 1 in Necromancy
  1511 | D:2      | Reached skill level 1 in Translocations
  1511 | D:2      | Reached skill level 1 in Transmutations
  1511 | D:2      | Reached skill level 1 in Fire Magic
  1511 | D:2      | Reached skill level 1 in Ice Magic
  1511 | D:2      | Reached skill level 1 in Air Magic
  1511 | D:2      | Reached skill level 1 in Earth Magic
  1511 | D:2      | Reached skill level 1 in Poison Magic
  2524 | D:4      | Noticed a scorpion
  2533 | D:4      | Killed a scorpion
  2534 | D:4      | Reached XP level 5. HP: 43/43 MP: 9/9
  2547 | D:4      | Reached XP level 6. HP: 50/50 MP: 9/11
  2550 | D:4      | Learned a level 2 spell: Call Imp
  2554 | D:4      | Learned a level 3 spell: Mephitic Cloud
  2558 | D:4      | Learned a level 3 spell: Summon Guardian Golem
  2591 | D:4      | Noticed a black bear
  2607 | D:4      | Killed a black bear
  2608 | D:4      | Reached skill level 5 in Fighting
  3294 | D:4      | Reached XP level 7. HP: 56/56 MP: 12/12
  3660 | D:5      | Entered Level 5 of the Dungeon
  3809 | D:5      | Found an ancient bone altar of Kikubaaqudgha.
  3889 | D:5      | Found a shimmering altar of Xom.
  4616 | D:6      | Found a glowing drain.
  4673 | D:6      | Reached XP level 8. HP: 32/63 MP: 1/14
  4688 | Sewer    | Entered a sewer
  6144 | D:6      | Found a transporter.
  6144 | D:6      | Noticed tangygnat's ghost (novice TrFi)
  6145 | D:6      | Noticed a hornet
  6409 | D:6      | Found a hide-covered altar of Uskayaw.
  6823 | D:6      | Found a transporter.
  6845 | D:6      | Noticed Maggie
  6870 | D:6      | Killed Maggie
  6871 | D:6      | Reached skill level 5 in Spellcasting
  6871 | D:6      | Reached XP level 9. HP: 69/69 MP: 10/16
  7012 | D:7      | Noticed a hornet
  7022 | D:7      | Killed a hornet
  7488 | D:7      | Found a staircase to the Ecumenical Temple.
  7495 | Temple   | Entered the Ecumenical Temple
  7645 | Temple   | Became a worshipper of Ashenzari the Shackled
  7768 | D:7      | Reached skill level 5 in Invocations
  9280 | D:9      | Noticed a kobold demonologist
  9294 | D:9      | Killed a kobold demonologist
  9295 | D:9      | Reached skill level 5 in Short Blades
  9295 | D:9      | Reached skill level 5 in Long Blades
  9295 | D:9      | Reached skill level 5 in Axes
  9295 | D:9      | Reached skill level 5 in Maces & Flails
  9295 | D:9      | Reached skill level 5 in Polearms
  9295 | D:9      | Reached skill level 5 in Ranged Weapons
  9295 | D:9      | Reached skill level 5 in Throwing
  9295 | D:9      | Reached skill level 5 in Armour
  9295 | D:9      | Reached skill level 5 in Stealth
  9295 | D:9      | Reached skill level 5 in Shields
  9295 | D:9      | Reached skill level 5 in Unarmed Combat
  9295 | D:9      | Reached skill level 5 in Evocations
  9295 | D:9      | Reached XP level 10. HP: 77/77 MP: 14/18
  9530 | D:9      | Reached skill level 5 in Conjurations
 10115 | D:9      | Found a staircase to the Orcish Mines.
 10172 | D:9      | Found a burning altar of Makhleb.
 10210 | D:10     | Entered Level 10 of the Dungeon
 10210 | D:10     | Noticed zishaf's ghost (journeyman VSBr)
 10210 | D:10     | Noticed an ice dragon
 10210 | D:10     | Found a transporter.
 10231 | D:10     | Noticed a moth of wrath
 10240 | D:10     | Found a transporter.
 10561 | D:10     | Found a staircase to the Lair.
 10563 | D:10     | Noticed an oklob plant
 10830 | D:10     | Reached skill level 5 in Hexes
 10830 | D:10     | Reached skill level 5 in Summonings
 10830 | D:10     | Reached skill level 5 in Necromancy
 10830 | D:10     | Reached skill level 5 in Translocations
 10830 | D:10     | Reached skill level 5 in Transmutations
 10830 | D:10     | Reached skill level 5 in Fire Magic
 10830 | D:10     | Reached skill level 5 in Ice Magic
 10830 | D:10     | Reached skill level 5 in Air Magic
 10830 | D:10     | Reached skill level 5 in Earth Magic
 10830 | D:10     | Reached skill level 5 in Poison Magic
 10833 | D:10     | Reached XP level 11. HP: 54/86 MP: 10/21
 11341 | D:10     | HP: 1/87 [poisoned by a hornet]
 11342 | D:10     | Killed by an exploding themself... ignited by their inner
                  | flame

Illustrated notes

Levels and vault maps discovered:
D:1:      mrwooster_arrival_statue, layout_loops_corners, serial_shops,
          nicolae_shop_crystal, dreamdust_wishing_well
D:2:      minmay_roachtagon, layout_basic, serial_shops,
          nicolae_shop_hallway_plus, hellmonk_ecumenical_altar_heavens_door,
          kennysheep_generic_room_4, uniq_jessica
D:3:      layout_basic
D:4:      layout_basic, chequers_serial_rivers_marsh
D:5:      layout_basic, mainiacjoe_overflow_paths, kiku_gazebo_garden_becter
D:6:      layout_rooms, mainiacjoe_overflow_tiny_flanked,
          cheibrodos_sewer_entry_drain, gammafunk_ghost_arena, uniq_maggie
D:7:      layout_basic, minmay_temple_entry_grid
D:8:      layout_rooms, minmay_misc_feat_pillars
D:9:      layout_gridville, lightli_temple_of_fire, david_orc_3
D:10:     minmay_the_grid_octo_tiled_squarecenter
          [minmay_the_grid_octo_tetromino_candy,
          minmay_the_grid_octo_fan_narrow, minmay_the_grid_octo_vomiting_pacman,
          minmay_the_grid_octo_clover,
          minmay_the_grid_square_5x5_megaprize_hollow,
          minmay_the_grid_square_5x5_shuriken, minmay_the_grid_square_5x5_forky,
          minmay_the_grid_square_5x5_two_small,
          minmay_the_grid_square_5x5_inner_i], layout_stronghold,
          nicolae_wu_jian_glorious_leap, dpeg_oklobed_lair,
          gammafunk_ghost_berserking_beasts, chequers_big_river, minivault_16
Temple:   bh_familiar_temple

Skill      XL: |  1  2  3  4  5  6  7  8  9 10 11 |
---------------+----------------------------------+-----
Conjurations   | 2 3 4 5 |  5.7
Invocations    | 1 2 3 4 5 6 |  6.9
Short Blades   | 1 2 3 4 5 6 |  6.3
Long Blades    | 1 2 3 4 5 6 |  6.3
Axes           | 1 2 3 4 5 6 |  6.3
Maces & Flails | 1 2 3 4 5 6 |  6.3
Polearms       | 1 2 3 4 5 6 |  6.3
Ranged Weapons | 1 2 3 4 5 6 |  6.3
Throwing       | 1 2 3 4 5 6 |  6.3
Armour         | 1 2 3 4 5 6 |  6.3
Stealth        | 1 2 3 4 5 6 |  6.3
Shields        | 1 2 3 4 5 6 |  6.3
Unarmed Combat | 1 2 3 4 5 6 |  6.3
Evocations     | 1 2 3 4 5 6 |  6.3
Spellcasting   | 3 4 5 6 7 |  7.0
Hexes          | 1 2 3 4 5 |  5.2
Summonings     | 1 2 3 4 5 |  5.2
Necromancy     | 1 2 3 4 5 |  5.2
Translocations | 1 2 3 4 5 |  5.2
Transmutations | 1 2 3 4 5 |  5.2
Fire Magic     | 1 2 3 4 5 |  5.2
Ice Magic      | 1 2 3 4 5 |  5.2
Air Magic      | 1 2 3 4 5 |  5.2
Earth Magic    | 1 2 3 4 5 |  5.2
Poison Magic   | 1 2 3 4 5 |  5.2
Fighting       | 5 6 7 |  7.9
Staves         | 7 8 9 |  9.2
Dodging        | 7 8 9 |  9.2

Action                   |  1- 3 |  4- 6 |  7- 9 | 10-12 || total
-------------------------+-------+-------+-------+-------++-------
Melee: Quarterstaff      |    73 |   170 |   371 |   208 ||   822
       Bite              |     6 |    16 |    46 |    24 ||    92
Throw: Dart              |       |       |       |     2 ||     2
 Cast: Mephitic Cloud    |       |     2 |     2 |     4 ||     8
       Call Imp          |       |     1 |    19 |    14 ||    34
       Shock             |       |       |   108 |     9 ||   117
       Summon Guardian G |       |       |    15 |    17 ||    32
Invok: Curse Item        |       |       |       |     1 ||     1
Evoke: Wand              |       |       |       |     3 ||     3
  Use: Potion            |       |       |     3 |     2 ||     5
       Scroll            |       |       |       |     1 ||     1
 Stab: Sleeping          |     4 |     6 |     4 |       ||    14
       Confused          |       |       |     1 |     2 ||     3
       Distracted        |       |       |       |     1 ||     1
Armor: Robe              |    11 |    52 |    59 |       ||   122
       Steam dragon scal |       |       |    65 |    81 ||   146
Dodge: Dodged            |    63 |   134 |   348 |   223 ||   768

Table legend: (Time is in decaauts)
 A = Elapsed time spent in this place.
 B = Non-inter-level travel time spent in this place.
 C = Inter-level travel time spent in this place.
 D = Time resting spent in this place.
 E = Time spent auto-exploring this place.
 F = Levels seen in this place.
 G = Mean time per level.
                   A        B        C        D        E       F      G
               +--------+--------+--------+--------+--------+-----+--------+
         Total |  11494 |  11195 |    299 |   2370 |   6148 |  12 |  957.8 |
       Dungeon |   9775 |   9535 |    240 |   2121 |   5324 |  10 |  977.5 |
        Temple |    176 |    117 |     59 |      0 |    101 |   1 |  176.0 |
         Sewer |   1542 |   1542 |      0 |    249 |    723 |   1 | 1542.0 |
               +--------+--------+--------+--------+--------+-----+--------+

Top non-repeatable levels by time:
   Sewer: 1542 daAuts
     D:6: 1416 daAuts
     D:4: 1140 daAuts
    D:10: 1118 daAuts
     D:2: 1088 daAuts
     D:7: 1047 daAuts
     D:9: 964 daAuts
     D:1: 942 daAuts
     D:5: 942 daAuts
     D:8: 632 daAuts
     D:3: 482 daAuts
  Temple: 176 daAuts
